 Dungeon Crawl Stone Soup version 0.30-a0-824-g6c64550be9 (webtiles) character file.

Game seed: 18364797733929242071

354 Darius099 the Cleaver (level 6, -2/52 HPs)
             Began as a Minotaur Fighter on Feb 27, 2023.
             Slain by Edmund
             ... wielding a +1 flail of protection
              (8 damage)
             ... on level 4 of the Dungeon.
             The game lasted 00:06:26 (2806 turns).

Darius099 the Cleaver (Minotaur Fighter)            Turns: 2806, Time: 00:06:27

Health: -2/52      AC:  9    Str: 22    XL:     6   Next: 35%
Magic:  5/5        EV:  7    Int:  5    God:
Gold:   219        SH:  4    Dex: 10    Spells: 5/5 levels left

rFire   . . .      SeeInvis .    a - +0 war axe
rCold   . . .      Faith    .    c - +0 buckler
rNeg    . . .      Spirit   .    t - +0 chain mail
rPois   .          Reflect  .    (helmet restricted)
rElec   .          Harm     .    (no cloak)
rCorr   .          Rampage  .    (no gloves)
Will    .....                    (no boots) Stlth
                                 (no amulet)
HPRegen 0.28/turn                (no ring)
MPRegen 0.09/turn                (no ring)

@: no status effects
A: horns 2, retaliatory headbutt
a: no special abilities


You were on level 4 of the Dungeon.
You visited 1 branch of the dungeon, and saw 4 of its levels.

You collected 219 gold pieces.

Inventory:

Hand Weapons
 a - a +0 war axe (weapon)
Missiles
 b - 12 stones
 o - 5 boomerangs (quivered)
 p - 4 poisoned darts
Armour
 c - a +0 buckler (worn)
 t - a +0 chain mail (worn)
Wands
 u - a wand of paralysis (11)
Scrolls
 f - 3 scrolls of fog {unknown}
 g - a scroll of vulnerability {unknown}
 k - 2 scrolls of noise {unknown}
 m - 3 scrolls of identify {unknown}
 n - a scroll of silence {unknown}
 r - a scroll of poison {unknown}
 s - a scroll of fear {unknown}
 w - a scroll of blinking {unknown}
 y - a scroll of butterflies {unknown}
 z - 2 scrolls of teleportation {unknown}
Potions
 d - a potion of might
 e - a potion of brilliance {unknown}
 h - 2 potions of haste {unknown}
 i - a potion of heal wounds {unknown}
 j - 2 potions of curing {unknown}
 l - a potion of attraction {unknown}
 q - a potion of mutation {unknown}
 v - a potion of lignification {unknown}
 x - a potion of flight {unknown}
 A - a potion of invisibility {unknown}


   Skills:
 - Level 3.6 Fighting
 + Level 8.2 Axes
 - Level 3.6 Armour
 - Level 3.6 Shields


You had 5 spell levels left.
You didn't know any spells.
Your spell library contained the following spells:

 Spells                   Type           Power      Damage    Failure   Level
 Magic Dart               Conj           0%         1d3       99%         1
 Shock                    Conj/Air       0%         1d3       99%         1
 Call Imp                 Summ           0%         N/A       100%        2
 Searing Ray              Conj           0%         2d4       100%        2
 Inner Flame              Hex/Fire       0%         N/A       100%        3
 Mephitic Cloud           Conj/Pois/Air  0%         N/A       100%        3
 Swiftness                Air            0%         N/A       100%        3
 Airstrike                Air            0%         2d(0-16)  100%        4
 Cause Fear               Hex            0%         N/A       100%        4
 Fulminant Prism          Conj/Hex       0%         3d5       100%        4
 Discord                  Hex            0%         N/A       100%        8


Dungeon Overview and Level Annotations

Branches:
Dungeon (4/15)
 Temple: D:4-7

Altars:
Cheibriados
Gozag
Vehumet
Xom

Shops:
D:2 =

Annotations:
D:4 Edmund


Innate Abilities, Weirdness & Mutations

You have a pair of horns on your head.
You reflexively headbutt those who attack you in melee.


Message History

Edmund is moderately wounded.
Edmund barely misses you.
You slash Edmund!
Edmund is heavily wounded.
Edmund barely misses you.
You closely miss Edmund. Your headbutt misses Edmund.
Edmund is heavily wounded.
Edmund hits you with a +1 flail of protection!
Edmund hits you but does no damage.
You hit Edmund. You headbutt Edmund!
Edmund is severely wounded.
Edmund hits you but does no damage.
You hit Edmund but do no damage.
Edmund is severely wounded.
Edmund hits you with a +1 flail of protection.
You hit Edmund.
Edmund is severely wounded.
Edmund hits you but does no damage.
You hit Edmund but do no damage. You headbutt Edmund, but do no damage.
Edmund is severely wounded.
Edmund hits you with a +1 flail of protection!
You hit Edmund.
Edmund is severely wounded.
You block Edmund's attack.
You hit Edmund but do no damage. You headbutt Edmund.
Edmund is almost dead.
Edmund hits you with a +1 flail of protection!
You hit Edmund but do no damage. Your headbutt misses Edmund.
Edmund is almost dead.
Edmund hits you with a +1 flail of protection!
* * * LOW HITPOINT WARNING * * *
You hit Edmund but do no damage. You headbutt Edmund, but do no damage.
Edmund is almost dead.
Edmund closely misses you.
Edmund hits you with a +1 flail of protection.
* * * LOW HITPOINT WARNING * * *
You hit Edmund.
Edmund is almost dead.
Edmund hits you with a +1 flail of protection!
You die...

#..# #. ##..# #. #...#
#.####..@# #..##...# ##..#...#
##......# ####.....@##
............@# ..# ##.......##
###..# ###.......## .....
###...>......### ### ....
...............#####.#### ..#
........................# .#
#........................##
.####..........................#
..##...##........†.........##..#


You could see Edmund.

Vanquished Creatures
  An ice beast (D:3)
  A scorpion (D:4)
  A hound (D:4)
  2 orc wizards (D:3)
  4 adders
  2 worms (D:3)
  2 dart slugs
  5 orcs (D:3)
  4 ball pythons
  9 bats
  9 endoplasms
  A giant cockroach (D:2)
  5 goblins
  7 hobgoblins
  4 jackals (D:2)
  4 quokkas
  4 frilled lizards
  8 kobolds
  4 rats
77 creatures vanquished.

Vanquished Creatures (others)
  An orc (D:3)
  2 plants (D:2)
3 creatures vanquished.

Grand Total: 80 creatures vanquished

Notes
Turn   | Place    | Note
-------+----------+-------------------------------------------
     0 | D:1      | Darius099 the Minotaur Fighter began the quest for the Orb.
     0 | D:1      | Reached XP level 1. HP: 19/19 MP: 0/0
   102 | D:1      | Reached skill level 3 in Axes
   143 | D:1      | Reached XP level 2. HP: 15/27 MP: 1/1
   580 | D:2      | Reached skill level 4 in Axes
   647 | D:2      | Reached XP level 3. HP: 33/33 MP: 2/2
   654 | D:2      | Found Demawnoc's Jewellery Shop.
  1154 | D:2      | Reached skill level 5 in Axes
  1383 | D:3      | Reached XP level 4. HP: 3/40 MP: 3/3
  1621 | D:3      | Found a shimmering altar of Xom.
  1732 | D:3      | Reached skill level 6 in Axes
  1835 | D:3      | Noticed an ice beast
  1841 | D:3      | Reached XP level 5. HP: 42/46 MP: 4/4
  1846 | D:3      | Killed an ice beast
  1847 | D:3      | Reached skill level 7 in Axes
  2151 | D:3      | Found a radiant altar of Vehumet.
  2376 | D:4      | Reached XP level 6. HP: 49/52 MP: 5/5
  2563 | D:4      | Found a snail-covered altar of Cheibriados.
  2575 | D:4      | Found an opulent altar of Gozag.
  2651 | D:4      | Reached skill level 8 in Axes
  2786 | D:4      | Noticed Edmund
  2806 | D:4      | Slain by Edmund

Illustrated notes

Levels and vault maps discovered:
D:1:      dpeg_arrival_round_b, layout_rooms, chequers_serial_rivers_small_b,
          minmay_misc_feat_tiny, minmay_tetromino_l2
D:2:      cheibrodos_old_hovel, layout_loops_ring, serial_shops, shop_statue
D:3:      layout_basic, mainiacjoe_overflow_tiny_flanked,
          mainiacjoe_overflow_small_starburst, minmay_divided_ellipse
D:4:      layout_layer_cave, minitemple, uniq_edmund

Skill      XL: |  1  2  3  4  5  6 |
---------------+-------------------+-----
Axes           | 3 4 5 6 7 8 |  8.2
Fighting       | |  3.6
Armour         | |  3.6
Shields        | |  3.6

Action                     |  1- 3 |  4- 6 || total
---------------------------+-------+-------++-------
  Melee: War axe           |    85 |    82 ||   167
         Headbutt          |    12 |    15 ||    27
 Armour: Scale mail        |    45 |     3 ||    48
         Chain mail        |       |    24 ||    24
  Dodge: Dodged            |    37 |    27 ||    64
  Block: Buckler           |    22 |    10 ||    32

Table legend: (Time is in decaauts)
 A = Elapsed time spent in this place.
 B = Non-inter-level travel time spent in this place.
 C = Inter-level travel time spent in this place.
 D = Time resting spent in this place.
 E = Time spent auto-exploring this place.
 F = Levels seen in this place.
 G = Mean time per level.
                   A        B        C        D        E       F      G
               +--------+--------+--------+--------+--------+-----+--------+
         Total |   2848 |   2744 |    104 |    304 |   1856 |   4 |  712.0 |
       Dungeon |   2848 |   2744 |    104 |    304 |   1856 |   4 |  712.0 |
               +--------+--------+--------+--------+--------+-----+--------+

Top non-repeatable levels by time:
     D:3: 1091 daAuts
     D:2: 727 daAuts
     D:1: 588 daAuts
     D:4: 439 daAuts
